 Dungeon Crawl Stone Soup version 0.21-a0-110-g8e1637b (webtiles) character file.

11422 Ijustatesigmund the Grappler (level 11, -12/111 HPs)
             Began as a Troll Monk on July 10, 2017.
             Killed from afar by a deep elf knight (18 damage)
             ... with a shard of ice
             ... on level 12 of the Dungeon.
             The game lasted 00:24:06 (8383 turns).

Ijustatesigmund the Grappler (Troll Monk)           Turns: 8383, Time: 00:24:07

Health: -12/111    AC: 21    Str: 21    XL:     11   Next: 49%
Magic:  10/10      EV:  3    Int:  6    God:
Gold:   418        SH:  3    Dex: 15    Spells: 7/10 levels left

rFire    + . .     SeeInvis .     - Unarmed
rCold    + + .     Gourm    +   (no shield)
rNeg     . . .     Faith    .   F - +1 gold dragon scales
rPois    +         Spirit   .   (helmet restricted)
rElec    .         Reflect  +   (no cloak)
rCorr    .         Harm     .   (gloves unavailable)
MR       .....                  (boots unavailable)
Stlth    ..........             A - +3 amulet of reflection (curse)
HPRegen  0.68/turn              h - ring of protection from cold
MPRegen  0.12/turn              (no ring)

@: about to teleport
A: unfitting armour, claws 3, fast metabolism 3, gourmand, regeneration 1,
shaggy fur 1, tough skin 2
a: no special abilities


You were on level 12 of the Dungeon.
You were very full.

You visited 2 branches of the dungeon, and saw 13 of its levels.

You collected 592 gold pieces.
You spent 174 gold pieces at shops.

Inventory:

Hand Weapons
 t - a +0 giant spiked club of freezing
Missiles
 d - 13 javelins (quivered)
Armour
 v - the +3 robe of Folly {Archmagi, MR-- Int+5}
   (You took it off an orc wizard on level 4 of the Dungeon)

   It affects your intelligence (+5).
   It affects your resistance to hostile enchantments.
 F - +1 gold dragon scales (worn)
Jewellery
 h - a ring of protection from cold (left claw)
 A - a cursed +3 amulet of reflection (around neck)
Wands
 a - a wand of paralysis (9/24)
 p - a wand of acid (1/15)
 q - a wand of flame (21/48)
 u - a wand of flame (32/48)
 E - a wand of iceblast (4/15)
Scrolls
 e - 6 scrolls of teleportation
 g - 5 scrolls of amnesia
 m - 2 scrolls of fog
 s - 2 scrolls of remove curse
 B - a scroll of recharging
 I - 2 scrolls of enchant weapon
 J - 2 scrolls of identify
Potions
 c - 2 potions of flight
 k - a potion of resistance
 l - 2 potions of lignification
 n - 2 potions of ambrosia
 r - 4 potions of curing
 w - a potion of berserk rage
 x - 2 potions of agility
 z - a potion of brilliance
 D - 2 potions of cancellation
 G - 2 potions of haste
 H - a potion of invisibility
 L - a potion of might
Books
 y - a book of Misfortune

   Spells                             Type                      Level
   a - Confusing Touch                Hexes                        1
   b - Confuse                        Hexes                        3
   c - Gell's Gravitas                Translocation                3
   d - Petrify                        Transmutation/Earth          4
   e - Metabolic Englaciation         Hexes/Ice                    5
   f - Yara's Violent Unravelling     Hexes/Transmutation          5
 C - a book of Minor Magic

   Spells                             Type                      Level
   a - Magic Dart                     Conjuration                  1
   b - Blink                          Translocation                2
   c - Call Imp                       Summoning                    2
   d - Slow                           Hexes                        2
   e - Conjure Flame                  Conjuration/Fire             3
   f - Mephitic Cloud                 Conjuration/Poison/Air       3
Comestibles
 b - 12 bread rations
 f - 3 royal jellies
 i - 8 fruits
 j - 4 meat rations


   Skills:
 + Level 8.0 Fighting
 * Level 9.3 Armour
 - Level 2.4 Dodging
 - Level 1.0 Stealth
 + Level 11.8 Unarmed Combat


You had 7 spell levels left.
You knew the following spells:

 Your Spells              Type           Power        Failure   Level  Hunger
a - Magic Dart            Conj           #...         100%        1    ##.....
b - Blink                 Tloc           N/A          100%        2    ###....


Dungeon Overview and Level Annotations

Branches:
Dungeon (12/15)            Temple (0/1) D:4             Orc (1/2) D:9
   Lair: D:8-11

Altars:
Elyvilon
Gozag
Hepliaklqana
Makhleb
Okawaru
Sif Muna
Vehumet
Wu Jian
Xom
Yredelemnul
Zin
The Shining One

Shops:
D:5 !   D:7 ?%(%

Annotations:
D:12 Joseph


Innate Abilities, Weirdness & Mutations

You are too large for most types of armour.
You have claws for hands.
Your metabolism is lightning-fast.
You like to eat raw meat.
Your natural rate of healing is unusually fast.
You are covered in fur. (AC +1)
You have very tough skin. (AC +2)


Message History

You miss something. Something hits you but does no damage.
You scratch something but do no damage.
Joseph shoots a sling bullet.
The sling bullet hits you! Something hits you!
* * * LOW HITPOINT WARNING * * *
You miss something.
Joseph shoots a sling bullet.
The sling bullet hits you!
* * * LOW HITPOINT WARNING * * *
You hear some strange, mumbled words.
A deep elf knight comes into view. It is wielding a short sword.
The deep elf knight shouts!
You claw something! Something hits you!
* * * LOW HITPOINT WARNING * * *
Joseph shoots a sling bullet.
The sling bullet hits you.
* * * LOW HITPOINT WARNING * * *
Okay, then.
As you read the scroll of teleportation, it crumbles to dust.
You feel strangely unstable.
You hear some strange, mumbled words.
A shard of ice appears from out of thin air!
The shard of ice hits you! You partially resist.
You die...

##.# ##.># #..##
#.## #.# #.# #.#
#.# #@#
#####{######
#....).....#
#...†....?....
#..........##.
.....?.......#
###e...........
..@......<....#
.....######...##


You could see Joseph and a deep elf knight.

Vanquished Creatures
  A queen ant (D:9)
  3 two-headed ogres
  Sonja (D:10)
  A centaur skeleton (D:10)
  A hippogriff (D:8)
  A spriggan (D:7)
  9 yaks (D:11)
  A wraith (D:11)
  A hungry ghost (D:9)
  A warg (D:9)
  6 soldier ants (D:9)
  A water moccasin (D:10)
  7 orc warriors
  A sky beast (D:11)
  4 phantoms
  3 ogres
  A necrophage (D:8)
  3 centaurs
  A crocodile (D:10)
  An elf zombie (D:8)
  2 big kobolds
  4 bullfrogs
  3 scorpions
  A troll zombie (D:8)
  4 killer bees (D:10)
  9 wights
  8 howler monkeys
  2 quasits
  3 bullfrog zombies
  4 hounds
  2 human zombies (D:8)
  A bullfrog skeleton (D:11)
  2 jellies
  A gnoll shaman (D:9)
  14 orc wizards
  6 orc priests
  2 human skeletons (D:8)
  4 iguanas
  29 worker ants
  A killer bee zombie (D:10)
  A hound skeleton (D:7)
  3 mummies (D:8)
  A howler monkey zombie (D:6)
  12 adders
  6 gnolls
  A shadow imp (D:7)
  2 adder skeletons (D:5)
  8 dart slugs
  5 leopard geckos
  46 orcs
  5 bats
  6 giant cockroaches
  5 goblins
  4 hobgoblins
  13 jackals
  9 kobolds
  5 quokkas
  A ball python (D:4)
  8 frilled lizards
  A jackal skeleton (D:7)
  An orc zombie (D:8)
  2 quokka skeletons
  A quokka zombie (D:6)
  7 rats
303 creatures vanquished.

Vanquished Creatures (others)
  A sky beast (D:10)
  An orc (D:4)
  A quokka (D:4)
3 creatures vanquished.

Grand Total: 306 creatures vanquished

Notes
Turn   | Place    | Note
-------+----------+-------------------------------------------
     0 | D:1      | Ijustatesigmund the Troll Monk began the quest for the Orb.
     0 | D:1      | Reached XP level 1. HP: 22/22 MP: 0/0
   132 | D:1      | Reached XP level 2. HP: 28/29 MP: 1/1
   216 | D:1      | Reached skill level 4 in Unarmed Combat
   390 | D:1      | Reached XP level 3. HP: 36/36 MP: 2/2
   912 | D:2      | Reached XP level 4. HP: 44/44 MP: 3/3
   935 | D:2      | Reached skill level 5 in Unarmed Combat
  1452 | D:3      | Reached XP level 5. HP: 50/50 MP: 4/4
  1490 | D:3      | Reached skill level 6 in Unarmed Combat
  1826 | D:4      | Found a white marble altar of Elyvilon.
  1961 | D:4      | Reached XP level 6. HP: 38/59 MP: 5/5
  2017 | D:4      | Reached skill level 7 in Unarmed Combat
  2361 | D:4      | Reached skill level 8 in Unarmed Combat
  2361 | D:4      | Reached XP level 7. HP: 59/66 MP: 6/6
  2399 | D:4      | Found a staircase to the Ecumenical Temple.
  2559 | D:4      | Found a radiant altar of Vehumet.
  2769 | D:5      | Entered Level 5 of the Dungeon
  2779 | D:5      | Found Peogo's Distillery.
  2791 | D:5      | Bought a potion of berserk rage for 70 gold pieces
  2791 | D:5      | Bought a potion of agility for 56 gold pieces
  3293 | D:6      | Learned a level 1 spell: Confusing Touch
  3296 | D:6      | Learned a level 2 spell: Blink
  3299 | D:6      | Learned a level 1 spell: Magic Dart
  3493 | D:6      | Reached skill level 9 in Unarmed Combat
  3547 | D:6      | Reached XP level 8. HP: 76/78 MP: 7/7
  3666 | D:6      | Found a glowing silver altar of Zin.
  3949 | D:6      | Found a shimmering altar of Xom.
  4125 | D:6      | Found a glowing golden altar of the Shining One.
  4327 | D:7      | Reached skill level 1 in Armour
  4395 | D:7      | Found Iwkot's Food Shop.
  4396 | D:7      | Found Jigg's Weapon Shop.
  4406 | D:7      | Found Etzi's Magic Scroll Shop.
  4411 | D:7      | Found Tyilacrest's Food Shop.
  4435 | D:7      | Bought a scroll of identify for 24 gold pieces
  4435 | D:7      | Bought a scroll of identify for 24 gold pieces
  4508 | D:7      | Reached skill level 5 in Fighting
  4834 | D:7      | Found a burning altar of Makhleb.
  4896 | D:7      | Found an opulent altar of Gozag.
  5217 | D:7      | Reached XP level 9. HP: 88/88 MP: 8/8
  5311 | D:8      | Reached skill level 10 in Unarmed Combat
  5336 | D:8      | Found an iron altar of Okawaru.
  5457 | D:8      | Found a hazy altar of Hepliaklqana.
  5603 | D:8      | Found an ornate altar of the Wu Jian Council.
  5868 | D:8      | Found a basalt altar of Yredelemnul.
  5899 | D:8      | Reached skill level 5 in Armour
  6033 | D:9      | Found a deep blue altar of Sif Muna.
  6366 | D:9      | Noticed a two-headed ogre
  6383 | D:9      | Killed a two-headed ogre
  6383 | D:9      | Reached XP level 10. HP: 69/99 MP: 9/9
  6632 | D:9      | Noticed a queen ant
  6651 | D:9      | Killed a queen ant
  6651 | D:9      | Reached skill level 11 in Unarmed Combat
  6773 | D:9      | Found a staircase to the Orcish Mines.
  6783 | Orc:1    | Entered Level 1 of the Orcish Mines
  6783 | Orc:1    | Noticed an orc knight
  6943 | D:10     | Entered Level 10 of the Dungeon
  7367 | D:10     | Noticed Sonja
  7374 | D:10     | Noticed a two-headed ogre
  7375 | D:10     | Killed Sonja
  7375 | D:10     | Reached XP level 11. HP: 100/108 MP: 10/10
  7403 | D:10     | Killed a two-headed ogre
  8037 | D:11     | Noticed an eight-headed hydra
  8131 | D:11     | Noticed a centaur warrior
  8357 | D:12     | Noticed a deep elf knight
  8357 | D:12     | Noticed a two-headed ogre
  8370 | D:12     | Killed a two-headed ogre
  8372 | D:12     | Noticed Joseph
  8382 | D:12     | Noticed a deep elf knight
  8382 | D:12     | HP: 5/111 [Joseph/sling bullet (2)]
  8383 | D:12     | Killed from afar by a deep elf knight

Vault maps used:
D:1:      eino_arrival_cavern_a
D:4:      lemuel_coloured_pillars_altar, minmay_temple_entry_glassed_door,
          first_bread, elyvilon_altar_4
D:5:      serial_shops, shop, serial_curves, eino_curves_02, eino_curves_03
D:6:      marbit_many_paths, kennysheep_little_box, tgw_xom
D:7:      kennysheep_mini_moat, nicolae_gozag_cash_rules_everything_around_me,
          the_bakery, minmay_misc_feat_columns, kennysheep_nondescript,
          minmay_shop_grid_forest, nrook_uturn
D:8:      overflow_temple_1_default, nicolae_overflow_crystal_walls,
          lemuel_mausoleum_altar_yredelemnul, lemuel_crystal_altar,
          kennysheep_generic_room_3
D:9:      led_sif_book, orc_0_dummy, zaba_antful_of_joy
D:10:     lemuel_flame_loot_2, uniq_sonja
D:11:     erik_lair_island, uniq_harold
D:12:     sword_in_stone
Orc:1:    uniq_erica

Skill      XL: |  1  2  3  4  5  6  7  8  9 10 11 |
---------------+----------------------------------+-----
Unarmed Combat | 4 5 6 8 9 10 11 | 11.8
Fighting       | 3 5 6 7 8 |  8.0
Armour         | 3 6 8 9 |  9.3
Dodging        | |  2.4
Stealth        | |  1.0

Action                   |  1- 3 |  4- 6 |  7- 9 | 10-12 || total
-------------------------+-------+-------+-------+-------++-------
Melee: Unarmed           |    77 |    98 |   362 |   351 ||   888
       Punch             |       |     2 |     8 |    17 ||    27
Throw: Javelin           |     4 |    12 |     9 |       ||    25
 Cast: Blink             |       |       |     1 |       ||     1
Evoke: Wand              |       |     3 |     7 |     5 ||    15
  Use: Scroll            |     6 |     8 |    11 |     5 ||    30
       Potion            |       |     2 |     1 |     2 ||     5
 Stab: Sleeping          |     3 |     6 |     2 |       ||    11
       Distracted        |     1 |       |       |       ||     1
  Eat: Chunk             |    13 |    13 |    31 |    24 ||    81
       Fruit             |       |       |     4 |       ||     4
       Bread ration      |       |       |     1 |       ||     1
Armor: Robe              |    30 |    38 |    37 |       ||   105
       Gold dragon scale |       |       |   154 |   268 ||   422
Dodge: Dodged            |    26 |    39 |    66 |    35 ||   166
Block: Other             |       |       |    26 |    42 ||    68
       Reflection        |       |       |       |     4 ||     4
